 Dungeon Sprint DCSS version 0.28.0-43-g3370ac3207 (webtiles) character file.

Game seed: 14434409925446970161

623 boopmooplesden the Carver (level 7, -7/112 HPs)
             Began as a Minotaur Berserker on Mar 15, 2022.
             Was a Believer of Trog.
             Mangled by Sonja
             ... wielding a +2 dagger of distortion
              (16 damage)
             ... in the Dungeon (Sprint I: "Red Sonja").
             The game lasted 00:00:56 (474 turns).

boopmooplesden the Carver (Minotaur Berserker)       Turns: 474, Time: 00:00:58

Health: -7/112     AC: 10    Str: 21    XL:     7   Next: 22%
Magic:  6/6        EV: 10    Int:  4    God:    Trog [**....]
Gold:   312        SH:  0    Dex: 12    Spells: 6/6 levels left

rFire   . . .      SeeInvis .   a - +0 falchion
rCold   . . .      Faith    .   (no shield)
rNeg    . . .      Spirit   .   j - +0 chain mail
rPois   .          Reflect  .   (helmet restricted)
rElec   .          Harm     .   (no cloak)
rCorr   .          Rampage  .   (no gloves)
Will    .....      NoTele   +   (no boots)
Stlth   ..........              (no amulet)
HPRegen 0.28/turn               (no ring)
MPRegen 0.10/turn               (no ring)

@: berserking, very quick
A: horns 2, retaliatory headbutt
a: Renounce Religion, Berserk, Trog's Hand


You were in the Dungeon.
You worshipped Trog.
Trog was pleased with you.
You visited 1 branch You collected 312 gold pieces.

Inventory:

Hand Weapons
 a - a +0 falchion (weapon)
Armour
 b - a +0 animal skin
 j - a +0 chain mail (worn)
Wands
 i - a wand of paralysis (1)
Scrolls
 h - a scroll of blinking
Potions
 c - a potion of curing
 d - a potion of heal wounds
 e - a potion of haste
 f - 2 potions of magic
 g - a potion of berserk rage
 k - a potion of mutation {unknown}


   Skills:
 + Level 11.8 Fighting
 + Level 12.6 Long Blades
 + Level 6.8 Armour
 + Level 5.9 Dodging


You had 6 spell levels left.
You didn't know any spells.
Your spell library was empty.

Dungeon Overview and Level Annotations

Branches:
Dungeon (1/1)

Altars:
Cheibriados
Dithmenos
Elyvilon
Fedhas
Gozag
Hepliaklqana
Kikubaaqudgha
Makhleb
Nemelex Xobeh
Okawaru
Qazlal
Ru
Sif Muna
Trog
Uskayaw
Vehumet
Wu Jian
Xom
Yredelemnul
Zin
The Shining One
Jiyva
Lugonu

Shops:
D !

Annotations:
D Sonja


Innate Abilities, Weirdness & Mutations

You have a pair of horns on your head.
You reflexively headbutt those who attack you in melee.


Message History

You completely miss Sonja. You completely miss Sonja.
Your headbutt misses Sonja.
Sonja hits you with a +2 dagger of distortion.
Space warps around you. Sonja barely misses you.
Sonja hits you with a +2 dagger of distortion.
You completely miss Sonja. You completely miss Sonja.
Your headbutt misses Sonja.
Sonja gestures wildly while chanting.
Sonja blinks!
Sonja gestures wildly while chanting.
Sonja blinks!
You feel a strong urge to attack something.
You miss Sonja. Sonja hits you but does no damage. Space warps around you!
Sonja hits you but does no damage. x2; Space warps around you.
You slash Sonja! Your headbutt misses Sonja.
Sonja is moderately wounded.
You completely miss Sonja.
Sonja is moderately wounded.
Sonja hits you with a +2 dagger of distortion.
Space warps around you.
* * * LOW HITPOINT WARNING * * *
Sonja hits you but does no damage. Sonja barely misses you.
You slash Sonja! Your headbutt misses Sonja.
Sonja is almost dead.
Sonja drinks a potion.
Sonja is healed!
You slash Sonja! Your headbutt misses Sonja.
Sonja is moderately wounded.
You miss Sonja.
Sonja is moderately wounded.
Sonja hits you with a +2 dagger of distortion!
* * * LOW HITPOINT WARNING * * *
Sonja hits you but does no damage. x2
You slice Sonja!! Your headbutt misses Sonja.
Sonja is almost dead.
Sonja hits you with a +2 dagger of distortion!
* * * LOW HITPOINT WARNING * * *
Sonja hits you but does no damage. Space warps around you!
* * * LOW HITPOINT WARNING * * *
Sonja hits you but does no damage. Space warps horribly around you!
You die...

#..#####'#####'#__#
#..####..#...#[####
#..#__####..##.#
#..#_____##'#_.+
#⌠⌠#_.∩...'..._#
####_..__##_.#+#
#_____###'#
#########.##


+$@$+ #$K$# ##.## #+# You could see Sonja.

Vanquished Creatures
  A slime creature (D)
  Sigmund (D)
  A yak (D)
  An ogre (D)
  A jelly (D)
  Ijyb (D)
6 creatures vanquished.

Notes
Turn   | Place    | Note
-------+----------+-------------------------------------------
     0 | D        | boopmooplesden the Minotaur Berserker began the quest for
                  | the Orb.
     0 | D        | Reached XP level 1. HP: 19/19 MP: 0/0
     1 | D        | Noticed Ijyb
     1 | D        | Paralysed by Ijyb for 3 turns
     8 | D        | Killed Ijyb
     9 | D        | Reached skill level 5 in Fighting
     9 | D        | Reached skill level 5 in Long Blades
     9 | D        | Reached XP level 2. HP: 29/29 MP: 1/1
    78 | D        | Noticed an ogre
    80 | D        | Killed an ogre
    81 | D        | Reached skill level 8 in Long Blades
    81 | D        | Reached XP level 3. HP: 39/39 MP: 2/2
    81 | D        | Reached XP level 4. HP: 47/47 MP: 3/3
   105 | D        | Noticed Sigmund
   110 | D        | Killed Sigmund
   110 | D        | Reached ** piety under Trog
   111 | D        | Reached skill level 10 in Long Blades
   111 | D        | Reached skill level 5 in Armour
   111 | D        | Reached XP level 5. HP: 55/58 MP: 4/4
   132 | D        | Found a burning altar of Makhleb.
   132 | D        | Found a viscous altar of Jiyva.
   132 | D        | Found a shimmering altar of Xom.
   132 | D        | Found a corrupted altar of Lugonu.
   132 | D        | Noticed a slime creature
   139 | D        | Killed a slime creature
   140 | D        | Reached skill level 11 in Long Blades
   140 | D        | Reached skill level 5 in Dodging
   140 | D        | Reached XP level 6. HP: 14/68 MP: 5/5
   395 | D        | Found an ornate altar of the Wu Jian Council.
   395 | D        | Found a shimmering blue altar of Sif Muna.
   397 | D        | Found a radiant altar of Vehumet.
   407 | D        | Found Nesur's Distillery.
   407 | D        | Found an ancient bone altar of Kikubaaqudgha.
   407 | D        | Found a hazy altar of Hepliaklqana.
   407 | D        | Found a stormy altar of Qazlal.
   407 | D        | Found a hide-covered altar of Uskayaw.
   407 | D        | Found a blossoming altar of Fedhas.
   407 | D        | Found a bloodstained altar of Trog.
   407 | D        | Found an iron altar of Okawaru.
   407 | D        | Found a basalt altar of Yredelemnul.
   407 | D        | Found a glowing golden altar of the Shining One.
   407 | D        | Found a snail-covered altar of Cheibriados.
   407 | D        | Found a sacrificial altar of Ru.
   407 | D        | Found a glowing silver altar of Zin.
   407 | D        | Found a shadowy altar of Dithmenos.
   407 | D        | Found a white marble altar of Elyvilon.
   407 | D        | Noticed a yak
   414 | D        | Killed a yak
   415 | D        | Reached skill level 12 in Long Blades
   415 | D        | Reached XP level 7. HP: 75/75 MP: 6/6
   415 | D        | Found an opulent altar of Gozag.
   416 | D        | Found a sparkling altar of Nemelex Xobeh.
   459 | D        | Noticed Sonja
   474 | D        | Mangled by Sonja

Illustrated notes

Levels and vault maps discovered:
D:        dungeon_sprint_1 [red_sonja_temple_1, red_sonja_temple_small_1]

Skill      XL: |  1  2  3  4  5  6 |
---------------+-------------------+-----
Fighting       | 5 7 9 11 | 11.8
Long Blades    | 5 8 10 11 12 | 12.6
Armour         | 3 4 5 6 |  6.8
Dodging        | 3 4 5 |  5.9

Action                   |  1- 3 |  4- 6 |  7- 9 || total
-------------------------+-------+-------+-------++-------
Melee: Falchion          |     5 |    16 |    11 ||    32
       Headbutt          |     2 |     6 |       ||     8
Invok: Berserk           |     2 |     2 |     1 ||     5
Armor: Chain mail        |       |     1 |     9 ||    10
Dodge: Dodged            |     2 |     3 |     4 ||     9
